AoeStats
← NInJA

Arabia

508508305Analyzed
1v1 RM · 10d ago on Sep 22, 2026· 36m 4s· 2 players
Game mode
Random Map
Map size
Tiny (2 player)
Population
200
Speed
Normal
Resources
Standard
Victory
Conquest
Starting age
Dark Age
Ending age
Imperial Age
RankedLock teamsTeams togetherTeam positionsShared explorationLock speedFull tech treeHidden civsTurbo modeCheats
Victory
Defeat
🇩🇪 Britons · Germany
1116
+17
🇺🇸 Japanese · United States
1136
-17
NInJA
7:00 Loom
9:47 Feudal Age
13:44 Double-Bit Axe
19:12 Fletching
21:29 Scale Barding Armor
21:45 Scale Barding Armor
24:47 Forging
27:33 Castle Age
28:54 Chain Barding Armor
Wilbur
5:56 Loom
9:21 Feudal Age
9:28 Man-at-Arms
9:55 Double-Bit Axe
12:08 Arson
17:53 Fletching
24:26 Forging
24:18 Padded Archer Armor
28:24 Castle Age
27:27 Gold Mining
27:19 Horse Collar
27:59 Scale Mail Armor
28:34 Long Swordsman
28:36 Crossbowman
28:42 Elite Skirmisher
30:13 Iron Casting
29:34 Bodkin Arrow
31:20 Chain Mail Armor
31:57 Squires
31:42 Gambesons
32:35 Pikeman
35:47 Wheelbarrow
Connection lost

Rejoining the realm…

Still unreachable

The connection could not be restored.

Session expired

The server has moved on; the page needs a fresh start.